Map: Acolyte LE

Players

soO

  • Race: Zerg Zerg
  • Spawn Location: 1:00

Rogue - Winner!

  • Race: Zerg Zerg
  • Spawn Location: 7:00

Event: 2017 WCS Global Finals

VOD

Have the link to the VOD?

Description

Time

  • Played on: Nov. 4, 2017, 7:46 p.m.
  • Length: 20:57

All games in this series

Show
View Real Time Build Order
Export as new Build Order

soO Zerg 

Build Orders: Hatch First, Lurkers 

Get SALT Encoding   

  12  0:00  Drone  
  13  0:12  Overlord  
  13  0:17  Drone  
  14  0:30  Drone x2  
  14  0:34  Drone  
  17  0:52  Hatchery  
  17  0:55  Drone  
  17  0:58  Drone  
  18  1:11  Spawning Pool  
  18  1:14  Drone  
  18  1:17  Drone  
  19  1:28  Drone  
  20  1:39  Hatchery  
  19  1:56  Overlord  
  19  1:58  Queen  
  21  2:03  Queen  
  21  2:07  Zergling x2  
  24  2:12  Drone  
  25  2:16  Drone  
  25  2:21  Spine Crawler  
  25  2:22  Drone  
  26  2:23  Drone  
  26  2:28  Drone  
  28  2:31  Drone  
  29  2:39  Queen  
  29  2:43  Drone  
  32  2:47  Drone  
  32  2:48  Drone  
  32  2:50  Overlord  
  34  2:52  Drone  
  34  2:56  Queen  
  38  2:59  Drone  
  38  3:00  Drone  
  38  3:02  Drone  
  41  3:06  Drone  
  41  3:07  Extractor  
  41  3:09  Extractor, Drone  
  41  3:11  Drone  
  41  3:12  Drone  
  43  3:15  Drone  
  43  3:19  Overlord  
  44  3:20  Drone  
  44  3:24  Drone  
  44  3:25  Drone  
  44  3:26  Drone  
  47  3:27  Drone  
  47  3:29  Drone  
  47  3:32  Overlord  
  49  3:35  Drone  
  49  3:38  Drone  
  51  3:42  Drone x3  
  51  3:43  Drone  
  51  3:47  Drone x2  
  57  3:51  Lair  
  57  3:56  Drone  
  57  3:57  Drone  
  57  3:58  Extractor, Drone x2  
  57  4:00  Extractor  
  59  4:08  Drone  
  60  4:11  Evolution Chamber  
  60  4:13  Roach Warren  
  60  4:14  Drone  
  59  4:18  Drone x3  
  59  4:20  Drone  
  59  4:21  Overlord, Drone x3  
  59  4:24  Overlord  
  66  4:25  Extractor  
  66  4:30  Drone  
  66  4:33  Overlord  
  66  4:39  Zerg Missile Weapons Level 1  
  66  4:42  Drone x2  
  66  4:43  Evolution Chamber, Drone x2  
  66  4:44  Drone x3  
  72  4:46  Drone  
  72  4:48  Extractor  
  72  4:53  Overseer x2  
  72  4:54  Glial Reconstitution  
  72  4:55  Drone x2  
  72  4:56  Drone x2  
  76  5:01  Roach x4  
  76  5:04  Roach x2  
  88  5:07  Overlord  
  88  5:15  Overlord  
  88  5:16  Overlord  
  88  5:18  Zerg Ground Armor Level 1  
  88  5:27  Roach, Spire  
  88  5:28  Roach  
  91  5:32  Roach x2  
  95  5:43  Drone  
  95  5:45  Hatchery  
  95  5:49  Overlord  
  95  5:50  Roach  
  95  5:51  Roach x2  
  95  5:53  Drone  
  102  5:57  Drone  
  102  5:58  Overlord, Drone  
  102  6:02  Roach  
  102  6:03  Roach x4  
  114  6:07  Overlord  
  114  6:09  Roach x4  
  114  6:10  Overlord  
  122  6:15  Overlord  
  126  6:18  Roach x2  
  126  6:22  Roach x2  
  130  6:31  Roach x4, Hydralisk Den  
  137  6:35  Zerg Missile Weapons Level 2  
  138  6:40  Hatchery  
  138  6:44  Roach x6  
  147  6:51  Overlord  
  147  6:53  Roach x3  
  153  6:58  Overlord x2  
  153  7:01  Overlord  
  153  7:03  Overlord  
  153  7:06  Lurker Den  
  153  7:10  Roach  
  153  7:11  Roach x2  
  153  7:26  Drone x2  
  153  7:27  Drone x2  
  153  7:29  Hydralisk x7  
  157  7:30  Hydralisk  
  173  7:41  Overlord  
  173  7:49  Extractor  
  172  7:53  Extractor  
  172  7:56  Drone  
  172  8:05  Zerg Ground Armor Level 2  
  172  8:09  Infestation Pit  
  172  8:10  Drone x2, Overseer  
  172  8:11  Overseer  
  173  8:15  Pneumatized Carapace  
  173  8:19  Drone x3  
  176  8:20  Hatchery  
  173  8:41  Lurker x8  
  179  8:49  Hive, Hatchery  
  179  8:50  Muscular Augments, Hydralisk x3  
  179  8:51  Hydralisk x3  
  179  8:53  Queen  
  179  8:54  Drone x2  
  179  8:55  Overlord x2  
  185  9:05  Hydralisk x5  
  195  9:19  Hydralisk x2  
  199  9:25  Spine Crawler  
  198  9:37  Drone  
  198  9:38  Spine Crawler, Drone  
  200  9:39  Spine Crawler  
  200  9:42  Spine Crawler  
  197  9:48  Overlord  
  197  9:52  Overlord  
  197  9:55  Overlord  
  197  9:58  Overlord  
  197  9:59  Overlord  
  197  10:03  Zerg Missile Weapons Level 3  
  197  10:06  Overlord  
  197  10:07  Overlord  
  197  10:12  Drone  
  197  10:13  Drone  
  199  10:17  Overseer  
  199  10:19  Overseer  
  199  10:22  Spine Crawler  
  199  10:23  Drone x2  
  199  10:24  Spine Crawler, Drone  
  200  10:33  Overseer  
  200  10:34  Zerg Ground Armor Level 3  
  200  11:00  Extractor  
  200  11:01  Extractor  
  196  11:04  Spine Crawler  
  193  11:12  Viper x2  
  193  11:13  Viper  
  199  11:49  Spine Crawler, Spore Crawler  
  195  11:59  Drone x3  
  192  12:16  Drone x2  
  192  12:17  Spine Crawler, Drone x2  
  192  12:18  Spore Crawler  
  192  12:22  Zerg Flyer Weapons Level 1  
  192  12:26  Hydralisk x4  
  200  12:40  Burrow  
  200  13:25  Spine Crawler x3  
  200  13:26  Spine Crawler  
  196  13:27  Spine Crawler  
  195  13:41  Hydralisk x2  
  195  13:45  Roach Warren  
  195  13:55  Overseer  
  190  14:10  Drone x2  
  190  14:11  Drone x2  
  190  14:14  Drone  
  190  14:15  Drone  
  195  14:22  Roach x24, Hatchery  
  193  14:29  Hydralisk x3  
  199  14:37  Drone  
  200  14:41  Spine Crawler  
  200  14:42  Spine Crawler  
  200  14:44  Spine Crawler  
  197  15:28  Hydralisk x3  
  200  16:03  Roach  
  200  16:12  Spine Crawler  
  176  17:02  Roach x11  
  170  17:20  Corruptor x15  
  188  17:40  Corruptor x5  
  188  17:41  Corruptor  
  190  18:00  Corruptor x5  
  200  18:17  Corruptor  
  115  18:42  Corruptor x6  
  109  18:50  Corruptor x11  
  109  18:52  Corruptor x8  
  147  18:57  Hydralisk x3  
  147  18:59  Hydralisk x10  
  164  19:18  Overlord  
  164  19:19  Overlord x3  
  164  19:29  Overlord  
  149  19:35  Hydralisk x3  
  149  19:36  Hydralisk x2  
  140  19:40  Hydralisk x3  
  140  19:41  Hydralisk x2  
  140  19:44  Lurker  
  145  19:50  Hydralisk x3  
  153  19:53  Lurker x5  
  153  19:58  Hydralisk x2  
  142  20:10  Hydralisk x2  
  125  20:24  Hydralisk  
  125  20:25  Hydralisk x2  
  110  20:31  Hydralisk  
Show
View Real Time Build Order
Export as new Build Order

Rogue Zerg - Winner!

Build Orders: 3 Hatch before Pool, Brood Lord Corruptor, Lurkers 

Get SALT Encoding   

  12  0:00  Drone  
  13  0:12  Overlord  
  13  0:16  Drone  
  14  0:30  Drone x2  
  14  0:34  Drone  
  17  0:51  Hatchery  
  17  0:54  Drone  
  17  1:15  Hatchery  
  17  1:16  Drone  
  17  1:30  Spawning Pool  
  16  1:33  Drone  
  16  1:36  Drone  
  16  1:39  Drone  
  19  1:44  Drone  
  20  1:55  Drone  
  21  2:04  Drone  
  21  2:06  Drone  
  23  2:14  Drone  
  24  2:17  Queen  
  24  2:18  Queen  
  24  2:19  Overlord  
  28  2:26  Queen  
  28  2:29  Drone  
  31  2:31  Drone  
  31  2:33  Drone  
  31  2:36  Drone  
  34  2:39  Drone x2  
  36  2:47  Drone  
  37  2:53  Queen  
  37  2:54  Drone x2  
  37  2:57  Drone  
  42  3:01  Extractor x2, Overlord  
  40  3:05  Drone  
  40  3:11  Zergling x2  
  42  3:14  Overlord  
  42  3:23  Drone x3  
  42  3:24  Drone  
  46  3:27  Drone x4  
  46  3:28  Overlord  
  50  3:35  Drone x4  
  50  3:40  Drone x3  
  57  3:45  Overlord  
  57  3:48  Drone x2  
  59  3:49  Lair  
  59  3:56  Evolution Chamber  
  59  3:57  Drone x3  
  61  4:03  Roach Warren  
  61  4:05  Drone x3  
  61  4:06  Drone  
  61  4:09  Drone x2  
  65  4:14  Extractor x2  
  65  4:15  Drone x3  
  65  4:16  Drone x2  
  68  4:22  Zerg Missile Weapons Level 1  
  68  4:28  Evolution Chamber  
  68  4:29  Extractor  
  68  4:30  Extractor  
  68  4:31  Overlord  
  65  4:32  Pneumatized Carapace  
  65  4:33  Drone x6  
  65  4:37  Drone x2  
  73  4:44  Overlord, Drone  
  74  4:53  Glial Reconstitution, Overseer  
  74  4:55  Overlord  
  74  4:58  Hatchery  
  74  4:59  Drone  
  74  5:01  Roach  
  74  5:02  Roach x3  
  74  5:04  Overlord  
  82  5:07  Zerg Ground Armor Level 1  
  82  5:13  Roach x3  
  88  5:16  Overlord  
  88  5:19  Drone  
  89  5:21  Hydralisk Den  
  89  5:22  Overseer  
  89  5:28  Overlord  
  88  5:35  Overlord  
  88  5:38  Roach  
  88  5:39  Roach x5  
  100  5:46  Hatchery  
  100  5:48  Roach  
  100  5:49  Roach x4  
  109  5:54  Overlord  
  109  5:57  Lurker Den  
  109  6:00  Overlord  
  109  6:09  Hydralisk x3  
  109  6:10  Hydralisk x3  
  121  6:17  Drone x4  
  121  6:18  Drone x4  
  129  6:22  Overlord  
  129  6:27  Hydralisk x2  
  129  6:28  Zerg Missile Weapons Level 2  
  129  6:31  Roach x2  
  129  6:32  Roach  
  141  6:40  Roach x5  
  141  6:43  Overlord  
  149  6:51  Drone  
  149  6:52  Spore Crawler  
  149  7:00  Overseer  
  149  7:03  Roach x7  
  149  7:04  Roach x3  
  149  7:08  Overlord  
  167  7:13  Roach x3  
  173  7:16  Overlord  
  173  7:20  Overlord  
  173  7:24  Lurker  
  173  7:25  Overlord  
  174  7:30  Extractor  
  174  7:31  Extractor  
  174  7:32  Lurker x3  
  175  7:38  Lurker  
  175  7:39  Queen, Drone x6  
  175  7:43  Overlord  
  184  7:44  Infestation Pit  
  183  7:51  Burrow  
  183  7:54  Drone x2  
  183  7:57  Drone  
  186  8:05  Muscular Augments  
  186  8:07  Overseer  
  186  8:11  Hatchery  
  185  8:14  Hydralisk x6  
  185  8:17  Spine Crawler  
  185  8:18  Spine Crawler  
  195  8:31  Overseer  
  195  8:38  Hive  
  195  8:44  Roach x2  
  193  9:00  Roach x5  
  197  9:09  Roach x4  
  199  9:27  Zerg Ground Armor Level 2  
  199  9:37  Drone x2, Spire x2  
  199  9:38  Drone  
  200  9:46  Spine Crawler  
  199  9:58  Pathogen Glands  
  199  9:59  Adrenal Glands  
  199  10:15  Spine Crawler x2  
  199  10:17  Evolution Chamber  
  199  10:19  Hydralisk x2  
  200  10:21  Zerg Missile Weapons Level 3  
  200  10:23  Spine Crawler  
  200  10:24  Spine Crawler, Drone x2  
  200  10:27  Spore Crawler  
  200  10:28  Spore Crawler  
  198  10:29  Spine Crawler, Spore Crawler, Tunneling Claws  
  198  10:30  Spore Crawler  
  198  10:31  Spine Crawler  
  194  10:40  Viper x2  
  194  10:41  Overseer x3  
  196  10:58  Hydralisk  
  196  11:01  Greater Spire, Zerg Flyer Weapons Level 1  
  196  11:02  Zerg Melee Weapons Level 1  
  196  11:07  Extractor  
  196  11:08  Extractor  
  188  11:22  Infestor  
  188  11:23  Infestor x4  
  198  11:31  Hatchery  
  198  11:32  Drone x3  
  200  11:41  Roach x11  
  200  11:43  Spore Crawler  
  199  12:01  Zerg Ground Armor Level 3  
  199  12:15  Hydralisk x3  
  199  12:32  Roach x10  
  199  12:35  Drone  
  200  12:40  Spore Crawler  
  200  12:41  Spore Crawler x2  
  200  12:42  Spore Crawler  
  196  12:50  Roach x2  
  198  12:56  Zerg Flyer Weapons Level 2  
  198  12:57  Zerg Flyer Armor Level 1  
  188  13:13  Corruptor x5  
  188  13:14  Roach x10  
  198  13:20  Spore Crawler x2  
  198  13:21  Zerg Melee Weapons Level 2, Spore Crawler x2  
  194  13:31  Roach x5  
  194  13:32  Roach  
  194  13:37  Roach x6, Corruptor x2  
  194  13:40  Overlord  
  190  13:49  Corruptor  
  190  13:50  Overlord  
  190  13:52  Roach x2  
  166  14:03  Roach x2  
  166  14:05  Corruptor  
  166  14:06  Corruptor x4  
  160  14:23  Roach x3  
  160  14:24  Brood Lord x7  
  172  14:26  Infestor x2  
  172  14:27  Infestor  
  172  14:29  Drone x4  
  180  14:34  Roach x2  
  180  14:38  Corruptor x3  
  180  14:39  Corruptor x2  
  190  14:49  Hydralisk  
  190  14:50  Hydralisk x4  
  194  15:17  Overlord x2  
  194  15:18  Overlord  
  194  15:32  Overlord  
  188  15:51  Brood Lord  
  188  15:52  Brood Lord x4  
  188  15:56  Hydralisk  
  200  16:04  Overseer  
  200  16:11  Overseer x3  
  200  16:17  Spine Crawler, Zerg Flyer Weapons Level 3  
  199  16:18  Spine Crawler  
  199  16:19  Spine Crawler  
  199  16:20  Spine Crawler x2  
  195  16:28  Hatchery  
  194  16:46  Hydralisk  
  194  16:47  Hydralisk  
  189  17:01  Overseer  
  189  17:02  Lurker x2  
  189  17:06  Drone x2  
  192  17:09  Spine Crawler  
  192  17:10  Spine Crawler  
  188  17:25  Hatchery  
  188  17:28  Roach x3  
  193  17:36  Roach  
  193  17:37  Roach x2  
  193  18:01  Hydralisk x3  
  193  18:05  Zerg Melee Weapons Level 3  
  199  18:33  Overlord  
  185  18:38  Hydralisk x4  
  185  18:39  Overlord  
  169  18:42  Roach x4, Overlord x2  
  169  18:47  Overlord x2  
  171  18:50  Hydralisk x3  
  171  18:53  Overlord  
  171  18:54  Hydralisk  
  171  18:55  Hydralisk x3  
  185  19:01  Hydralisk x5  
  185  19:02  Hydralisk x2  
  161  19:31  Hydralisk x3  
  161  19:32  Hydralisk x18  
  161  19:37  Roach x4  
  199  19:44  Overseer x2  
  199  19:45  Overseer  
  199  19:46  Overseer  
  199  19:53  Overseer  
  199  20:13  Overlord x2  
  171  20:25  Overlord x4  
  145  20:32  Overseer x2  
  145  20:34  Roach x10  
  145  20:35  Roach x4  
Tags
 
Add a new tag
Caveats
  • Supply blocks, unpowered buildings, or Contaminate may cause inaccurate times.
  • Supply counts are checked every 10 seconds.